 Dungeon Crawl Stone Soup version 0.28.0-53-g5a82cb258f (webtiles) character file.

Game seed: 18078128904660048129

217 safid the Chopper (level 5, -2/46 HPs)
             Began as a Hill Orc Fighter on Aug 14, 2022.
             Was an Initiate of Beogh.
             Slain by Menkaure (4 damage)
             ... on level 4 of the Dungeon.
             The game lasted 00:03:31 (2542 turns).

safid the Chopper (Hill Orc Fighter)                Turns: 2542, Time: 00:03:32

Health: -2/46      AC: 12    Str: 21    XL:     5   Next: 94%
Magic:  5/5        EV:  5    Int:  8    God:    Beogh [......]
Gold:   88         SH:  4    Dex: 10    Spells: 4/4 levels left

rFire   . . .      SeeInvis +   a - +0 war axe
rCold   . . .      Faith    .   c - +0 buckler
rNeg    . . .      Spirit   .   h - +0 plate armour
rPois   +          Reflect  .   (no helmet)
rElec   .          Harm     .   (no cloak)
rCorr   .          Rampage  .   (no gloves)
Will    .....                   f - +0 pair of boots
Stlth   ..........              (no amulet)
HPRegen 0.15/turn               g - ring of poison resistance
MPRegen 0.09/turn               n - ring of see invisible

@: mighty
A: no striking features
a: Renounce Religion


You were on level 4 of the Dungeon.
You worshipped Beogh.
Beogh was noncommittal.
You visited 1 branch of the dungeon, and saw 4 of its levels.

You collected 88 gold pieces.

Inventory:

Hand Weapons
 a - a +0 war axe (weapon)
Missiles
 o - 3 curare-tipped darts (quivered)
Armour
 c - a +0 buckler (worn)
 f - a +0 pair of boots (worn)
 h - a +0 plate armour (worn)
Jewellery
 g - a ring of poison resistance (left hand)
 n - a ring of see invisible (right hand)
Scrolls
 b - a scroll of enchant armour {unknown}
 m - a scroll of identify {unknown}
Potions
 e - a potion of mutation {unknown}
 i - 2 potions of curing {unknown}
 j - a potion of berserk rage {unknown}
 k - a potion of ambrosia {unknown}
 l - a potion of brilliance {unknown}


   Skills:
 - Level 4.0 Fighting
 + Level 6.6 Axes
 - Level 4.0 Armour
 - Level 4.0 Shields


You had 4 spell levels left.
You didn't know any spells.
Your spell library was empty.

Dungeon Overview and Level Annotations

Branches:
Dungeon (4/15)
 Temple: D:4-7

Altars:
Zin

Shops:
D:1 *

Annotations:
D:4 Menkaure


Message History

The black bear is moderately wounded.
The black bear bites you but does no damage.
The black bear claws you but does no damage. x2
You hit the black bear.
The black bear is heavily wounded.
The black bear bites you but does no damage.
The black bear claws you.
The black bear claws you but does no damage.
You barely miss the black bear.
The black bear is heavily wounded.
You block the black bear's attack. x2
The black bear claws you but does no damage.
The black bear bites you.
The black bear claws you but does no damage.
The black bear claws you.
You feel very mighty all of a sudden. The black bear barely misses you.
The black bear closely misses you.
The black bear claws you but does no damage.
Unknown command.
You slash the black bear!
The black bear is almost dead.
Menkaure casts a spell.
Menkaure seems to speed up.
The black bear bites you but does no damage.
The black bear claws you.
The black bear claws you but does no damage.
You slash the black bear!
You kill the black bear!
Beogh accepts your kill.
Menkaure gestures at you while chanting.
Pain shoots through your body!
* * * LOW HITPOINT WARNING * * *
Your Axes skill increases to level 6!
You slash Menkaure!
Menkaure is moderately damaged.
You block Menkaure's attack.
You slash Menkaure!
Menkaure is severely damaged.
Menkaure hits you.
You die...

####### . #.....### #.
#........ #.. #.....###
#...#### #.....### #. ../#
##........ #..###.####.#
#.......## #......M@...#
#.......##
.#...##.#########.......#.
........#####.....###.#.#.
.#.........##.....<...#.#.
#.#.#..#.###.....###.#.#.
.....#................#.#.
### #.##.###########.#.#.
........ ..>#.#.
#.####.### ####.#.#.


You could see Menkaure (fast).

Vanquished Creatures
  A black bear (D:4)
  A water moccasin skeleton (D:4)
  2 adders
  3 orcs (D:3)
  7 bats
  8 endoplasms
  2 giant cockroaches (D:1)
  5 hobgoblins
  4 quokkas
  3 ball pythons
  3 frilled lizards
  4 goblins
  5 kobolds
  4 rats
52 creatures vanquished.

Notes
Turn   | Place    | Note
-------+----------+-------------------------------------------
     0 | D:1      | safid the Hill Orc Fighter began the quest for the Orb.
     0 | D:1      | Reached XP level 1. HP: 19/19 MP: 1/1
   183 | D:1      | You fall into a shaft and drop 1 floor!
   193 | D:2      | Reached XP level 2. HP: 27/27 MP: 2/2
   223 | D:2      | Reached skill level 3 in Axes
   517 | D:1      | Found Kiuhoj's Assorted Antiques.
   620 | D:1      | Reached XP level 3. HP: 33/33 MP: 3/3
   677 | D:1      | Found a faded altar of an unknown god.
  1805 | D:3      | Became a worshipper of Beogh the Brigand
  1818 | D:3      | Reached XP level 4. HP: 28/40 MP: 4/4
  1924 | D:3      | Reached skill level 4 in Axes
  2445 | D:4      | Reached skill level 5 in Axes
  2445 | D:4      | Reached XP level 5. HP: 20/46 MP: 5/5
  2447 | D:4      | Found a glowing silver altar of Zin.
  2520 | D:4      | Noticed a black bear
  2520 | D:4      | Noticed Menkaure
  2540 | D:4      | Killed a black bear
  2540 | D:4      | HP: 2/46 [Menkaure/nerve-wracking pain (14)]
  2541 | D:4      | Reached skill level 6 in Axes
  2542 | D:4      | Slain by Menkaure

Illustrated notes

Levels and vault maps discovered:
D:1:      saegor_arrival_simple_c, layout_rooms, basic_ecumenical_altar,
          serial_shops, nicolae_shop_crystal, minmay_misc_feat_plants,
          chequers_serial_rivers_micro_c
D:2:      layout_basic, st_stairs_7, corexii_item_surrounded_by_moat
D:3:      layout_basic
D:4:      minmay_razor_zed, layout_basic, nicolae_sif_muna_little_library,
          zin_academy, nicolae_overflow_hidden_temple, gup_sewer_entry_glass,
          uniq_menkaure

Skill      XL: |  1  2  3  4  5 |
---------------+----------------+-----
Axes           | 3 5 6 |  6.6
Fighting       | 4 |  4.0
Shields        | 4 |  4.0
Armour         | 4 |  4.0

Action                   |  1- 3 |  4- 6 || total
-------------------------+-------+-------++-------
Melee: War axe           |   147 |    40 ||   187
Invok: Convert to Beogh  |     1 |       ||     1
  Use: Potion            |       |     1 ||     1
Armor: Scale mail        |    37 |       ||    37
       Plate armour      |    79 |    44 ||   123
Dodge: Dodged            |    62 |    12 ||    74
Block: Buckler           |    33 |    10 ||    43
